 Dungeon Crawl Stone Soup version 0.27-a0-1232-gc6a4cbde82 (webtiles) character file.

Game seed: 7579567328311506429

3075 pokeman the Thaumaturge (level 9, -28/48 HPs)
             Began as a Deep Elf Hedge Wizard on June 8, 2021.
             Was a Follower of Vehumet.
             Hit by a large rock thrown by a cyclops (29 damage)
             ... on level 9 of the Dungeon.
             The game lasted 00:17:52 (8080 turns).

pokeman the Thaumaturge (Deep Elf Hedge Wizard)     Turns: 8080, Time: 00:17:53

Health: -28/48     AC:  7    Str:  7    XL:     9   Next: 58%
Magic:  19/27      EV: 12    Int: 23    God:    Vehumet [*.....]
Gold:   236        SH:  0    Dex: 14    Spells: 18/32 levels left

rFire    . . .     SeeInvis +   q - staff of conjuration
rCold    . . .     Faith    .   (no shield)
rNeg     . . .     Spirit   .   h - +0 leather armour
rPois    .         Reflect  .   c - +0 hat
rElec    .         Harm     .   (no cloak)
rCorr    .         Rampage  .   (no gloves)
Will     .....                  (no boots)
Stlth    ++........             y - amulet of magic regeneration
HPRegen  0.16/turn              j - ring of see invisible
MPRegen  0.45/turn              m - +4 ring of protection

@: no status effects
A: no striking features
a: Renounce Religion


You were on level 9 of the Dungeon.
You worshipped Vehumet.
Vehumet was aware of your devotion.
You visited 2 branches of the dungeon, and saw 8 of its levels.

You collected 302 gold pieces.
You spent 66 gold pieces at shops.

Inventory:

Hand Weapons
 x - a +0 shortbow
 A - a +1 flail of venom
Missiles
 e - 31 bolts
 g - 170 arrows
Armour
 c - a +0 hat (worn)
 h - a +0 leather armour (worn)
 w - a +0 helmet
 C - +0 acid dragon scales
Magical Staves
 q - a staff of conjuration (weapon)
Jewellery
 j - a ring of see invisible (left hand)
 m - a +4 ring of protection (right hand)
 r - a ring of positive energy
 y - an amulet of magic regeneration (around neck)
Wands
 z - a wand of flame (14)
Scrolls
 b - a scroll of noise {unknown}
 d - 4 scrolls of identify {unknown}
 f - a scroll of amnesia {unknown}
 i - a scroll of enchant armour {unknown}
 k - 3 scrolls of fog
 l - 3 scrolls of teleportation {unknown}
 t - 2 scrolls of torment {unknown}
 B - a scroll of magic mapping {unknown}
 E - a scroll of fear {unknown}
Potions
 a - 2 potions of flight {unknown}
 n - 2 potions of mutation {unknown}
 o - a potion of attraction {unknown}
 p - a potion of heal wounds {unknown}
 s - 2 potions of ambrosia {unknown}
 u - a potion of berserk rage {unknown}
 v - a potion of lignification {unknown}
 D - a potion of curing


   Skills:
 - Level 2.1 Fighting
 + Level 3.5 Armour
 - Level 3.1 Dodging
 - Level 3.0 Stealth
 * Level 12.1 Spellcasting
 + Level 6.3 Conjurations
 - Level 1.1 Summonings
 - Level 1.0 Necromancy
 - Level 2.0 Translocations
 + Level 5.3 Fire Magic
 - Level 1.1 Air Magic
 - Level 1.0 Poison Magic
 - Level 1.0 Evocations


You had 18 spell levels left.
You knew the following spells:

 Your Spells              Type           Power      Damage    Failure   Level
a - Magic Dart            Conj           100%       1d8       1%          1
b - Mephitic Cloud        Conj/Pois/Air  40%        N/A       6%          3
c - Call Imp              Summ           18%        N/A       6%          2
d - Blink                 Tloc           N/A        N/A       4%          2
e - Conjure Flame         Conj/Fire      57%        6-21      1%          3
f - Shock                 Conj/Air       100%       1d9       1%          1
g - Animate Skeleton      Necr           36%        N/A       4%          1
h - Apportation           Tloc           46%        N/A       3%          1

Your spell library contained the following spells:

 Spells                   Type           Power      Damage    Failure   Level
 Summon Small Mammal      Summ           72%        N/A       4%          1
 Corona                   Hex            14%        N/A       7%          1
 Gell's Gravitas          Tloc           11%        N/A       9%          3
 Lesser Beckoning         Tloc           11%        N/A       9%          3
 Teleport Other           Tloc           23%        N/A       9%          3
 Slow                     Hex            13%        N/A       10%         2
 Manifold Assault         Tloc           23%        N/A       63%         5


Dungeon Overview and Level Annotations

Branches:
Dungeon (6/15)             Temple (1/1) D:4

Altars:
Ashenzari
Cheibriados
Dithmenos
Elyvilon
Fedhas
Gozag
Hepliaklqana
Kikubaaqudgha
Nemelex Xobeh
Okawaru
Qazlal
Sif Muna
Trog
Uskayaw
Vehumet
Wu Jian
Xom

Shops:
D:3 =   D:6 *


Message History

The centaur warrior is engulfed in blazing flames.
The centaur warrior hits the hornet.
The centaur warrior barely misses the hornet.
The centaur warrior hits itself but does no damage.
The centaur warrior kicks itself.
The hornet is engulfed in blazing flames.
The hornet buzzes around in tight circles.
The hornet stings the centaur warrior but does no damage.
Casting: Shock (safe; 1% risk of failure)
Confirm with . or Enter, or press ? or * to list all spells.
Aiming: Shock (safe; 1% risk of failure)
Press: ? - help, Shift-Dir - straight line, f/p - cyclops
Aim: a cyclops, quivering large rocks (noxious fumes, moderately wounded, 98% to hit)
You feel a surge of power!
The zap hits the hornet.
The hornet is heavily wounded.
The zap hits the cyclops but does no damage.
The cyclops is moderately wounded.
The hornet is engulfed in blazing flames.
The hornet barely misses you.
The centaur warrior is engulfed in blazing flames.
You kill the centaur warrior!
Vehumet accepts your kill.
You feel your power returning.
The cyclops is engulfed in noxious fumes.
The hornet is engulfed in blazing flames.
You kill the hornet!
Vehumet accepts your kill.
Your Armour skill increases to level 3!
Your Spellcasting skill increases to level 12!
Your Conjurations skill increases to level 6!
Your Fire Magic skill increases to level 5!
Unknown command.
Unknown command.
The cyclops is engulfed in blazing flames.
The cyclops throws a large rock.
The large rock hits you!!
* * * LOW HITPOINT WARNING * * *
The cyclops is engulfed in blazing flames.
The cyclops throws a large rock.
The large rock hits you!!
Ouch! That really hurt!
You die...

..######'##
#......##..#
..........#
#........... ..
..........#
#........... ...
..........#
.....
...#+#######...#
#... .8.....
#...# #...
......8 #...#
#... ...?o..
#...# ....
..?:/..#####@..#
..#..
...!..o°§§.....#
y ..
8......#C......#
...
.....8.#.......#
##+#...#...#####
##y.y....
#...#...#
...y....
#...#...# #.
.##.......
#...#...#
###.##.##...<...
#####...#
...............


You could see a cyclops and an orc priest (confused).

Vanquished Creatures
  A centaur warrior (D:9)
  Maggie (D:6)
  Grinder (D:6)
  A hornet (D:9)
  A sky beast (D:5)
  An orc warrior (D:9)
  3 ogres
  4 centaurs
  A phantom (D:3)
  A kobold brigand (D:9)
  A bullfrog (D:4)
  3 scorpions (D:5)
  A water moccasin skeleton (D:6)
  4 killer bees (D:9)
  A wight (D:9)
  2 howler monkeys (D:9)
  2 centaur zombies (D:5)
  A jelly (D:4)
  An orc priest (D:5)
  A hound (D:4)
  An iguana (D:5)
  2 orc wizards
  3 gnolls (D:3)
  An adder (D:3)
  A white imp (D:5)
  An ufetubus (D:5)
  2 adder skeletons (D:4)
  A worm (D:3)
  A dart slug (D:3)
  13 orcs
  4 ball pythons
  4 bats
  3 endoplasms
  12 giant cockroaches
  7 goblins
  6 hobgoblins
  13 jackals
  3 quokkas
  A frilled lizard (D:2)
  4 kobolds
  A rat (D:3)
116 creatures vanquished.

Vanquished Creatures (collateral kills)
  A killer bee (D:9)
  A howler monkey (D:9)
2 creatures vanquished.

Grand Total: 118 creatures vanquished

Notes
Turn   | Place    | Note
-------+----------+-------------------------------------------
     0 | D:1      | pokeman the Deep Elf Hedge Wizard began the quest for the
                  | Orb.
     0 | D:1      | Reached XP level 1. HP: 10/10 MP: 7/7
   388 | D:1      | Reached XP level 2. HP: 16/16 MP: 5/9
   982 | D:1      | Found a faded altar of an unknown god.
  1553 | D:2      | Reached skill level 5 in Spellcasting
  1693 | D:2      | Reached XP level 3. HP: 20/20 MP: 7/11
  1695 | D:2      | Learned a level 1 spell: Animate Skeleton
  1699 | D:2      | Learned a level 3 spell: Mephitic Cloud
  1703 | D:2      | Learned a level 2 spell: Call Imp
  1706 | D:2      | Learned a level 2 spell: Blink
  1710 | D:2      | Learned a level 3 spell: Conjure Flame
  2037 | D:2      | Reached skill level 1 in Fighting
  2380 | D:2      | Reached skill level 1 in Armour
  2403 | D:2      | Found a broken altar of Ashenzari.
  3010 | D:3      | Reached XP level 4. HP: 25/25 MP: 4/13
  3139 | D:3      | Found an opulent altar of Gozag.
  3444 | D:3      | Noticed a phantom
  3460 | D:3      | Killed a phantom
  3461 | D:3      | Reached skill level 6 in Spellcasting
  3461 | D:3      | Reached XP level 5. HP: 14/29 MP: 1/15
  3677 | D:3      | Found Moczanoi's Jewellery Boutique.
  3761 | D:3      | Found a bloodstained altar of Trog.
  3992 | D:4      | Reached skill level 1 in Necromancy
  4141 | D:4      | Found an iron altar of Okawaru.
  4142 | D:4      | Found an ornate altar of the Wu Jian Council.
  4286 | D:4      | Reached skill level 1 in Fire Magic
  4286 | D:4      | Reached skill level 1 in Poison Magic
  4286 | D:4      | Reached XP level 6. HP: 30/34 MP: 8/17
  4549 | D:4      | Found a broken altar of Ashenzari.
  4578 | D:4      | Reached skill level 7 in Spellcasting
  5036 | D:4      | Found a staircase to the Ecumenical Temple.
  5042 | Temple   | Entered the Ecumenical Temple
  5108 | Temple   | Became a worshipper of Vehumet
  5151 | D:5      | Entered Level 5 of the Dungeon
  5211 | D:5      | Noticed a sky beast
  5222 | D:5      | Killed a sky beast
  5223 | D:5      | Reached skill level 1 in Air Magic
  5223 | D:5      | Reached skill level 1 in Evocations
  5369 | D:5      | Reached XP level 7. HP: 31/38 MP: 16/20
  5708 | D:5      | Reached skill level 8 in Spellcasting
  6325 | D:5      | Reached XP level 8. HP: 20/44 MP: 9/22
  6544 | D:5      | Reached skill level 9 in Spellcasting
  7181 | D:6      | Noticed Grinder
  7196 | D:6      | Killed Grinder
  7197 | D:6      | Reached skill level 10 in Spellcasting
  7381 | D:6      | Noticed Maggie
  7402 | D:6      | Killed Maggie
  7403 | D:6      | Reached skill level 5 in Conjurations
  7524 | D:6      | Found a snail-covered altar of Cheibriados.
  7527 | D:6      | Found Durhoulu's General Store.
  7536 | D:6      | Bought a potion of degeneration for 11 gold pieces
  7536 | D:6      | Bought a potion of curing for 33 gold pieces
  7536 | D:6      | Bought a scroll of fog for 22 gold pieces
  7546 | D:6      | You fall into a shaft and drop 3 floors!
  7546 | D:9      | Found a shadowy altar of Dithmenos.
  7546 | D:9      | Found a hazy altar of Hepliaklqana.
  7886 | D:9      | Reached skill level 11 in Spellcasting
  7888 | D:9      | Reached XP level 9. HP: 48/48 MP: 19/26
  7905 | D:9      | Reached * piety under Vehumet
  7905 | D:9      | Offered knowledge of Shock by Vehumet.
  7908 | D:9      | Learned a level 1 spell: Shock
  7910 | D:9      | Learned a level 1 spell: Apportation
  8065 | D:9      | Noticed a centaur warrior
  8074 | D:9      | Noticed a cyclops
  8077 | D:9      | Killed a centaur warrior
  8078 | D:9      | Reached skill level 12 in Spellcasting
  8078 | D:9      | Reached skill level 5 in Fire Magic
  8079 | D:9      | HP: 1/48 [cyclops/large rock (20)]
  8080 | D:9      | Hit by a large rock thrown by a cyclops

Illustrated notes

Levels and vault maps discovered:
D:1:      minmay_arrival_jagged, layout_basic,
          shapermc_ecumenical_altar_mp_vishouse
D:2:      minmay_roachtagon, layout_basic, basic_altar
D:3:      layout_basic, lightli_temple_of_fire, nicolae_gozag_seed_capital,
          serial_shops, shop
D:4:      layout_loops_cross, chequers_temple_overflow_statue_of_worship,
          nicolae_ashenzari_skybound, minmay_temple_entry_enclosed_plants
D:5:      layout_cave_pools
D:6:      layout_loops_cross, general_overflow_altar, serial_shops,
          nicolae_shop_trees, kennysheep_generic_room_3, uniq_grinder,
          uniq_maggie
D:9:      kennysheep_blocky_room, layout_basic,
          riverfiend_overflow_shadow_ancestor, orc_david_3,
          kennysheep_generic_room_13
Temple:   jpeg_temple_island

Skill      XL: |  1  2  3  4  5  6  7  8  9 |
---------------+----------------------------+-----
Spellcasting   | 5 6 7 8 11 12 | 12.1
Fighting       | 1 2 |  2.1
Armour         | 1 2 3 |  3.5
Conjurations   | 2 3 4 5 6 |  6.3
Dodging        | 3 |  3.1
Translocations | 2 |  2.0
Necromancy     | 1 |  1.0
Stealth        | 3 |  3.0
Fire Magic     | 1 2 4 5 |  5.3
Poison Magic   | 1 |  1.0
Air Magic      | 1 |  1.1
Evocations     | 1 |  1.0
Summonings     | |  1.1

Action                   |  1- 3 |  4- 6 |  7- 9 || total
-------------------------+-------+-------+-------++-------
Melee: Dagger            |    16 |       |       ||    16
       Spear             |    17 |    39 |       ||    56
       Staff             |       |     8 |    38 ||    46
 Cast: Magic Dart        |    97 |    83 |   121 ||   301
       Animate Skeleton  |     1 |     1 |     4 ||     6
       Mephitic Cloud    |       |     5 |    20 ||    25
       Conjure Flame     |       |     2 |    12 ||    14
       Blink             |       |       |     3 ||     3
       Call Imp          |       |       |     5 ||     5
       Shock             |       |       |     9 ||     9
 Stab: Confused          |       |     5 |     6 ||    11
Armor: Robe              |     8 |       |       ||     8
       Leather armour    |     7 |    30 |    24 ||    61
Dodge: Dodged            |    30 |    58 |    68 ||   156

Table legend: (Time is in decaauts)
 A = Elapsed time spent in this place.
 B = Non-inter-level travel time spent in this place.
 C = Inter-level travel time spent in this place.
 D = Time resting spent in this place.
 E = Time spent auto-exploring this place.
 F = Levels seen in this place.
 G = Mean time per level.
                   A        B        C        D        E       F      G
               +--------+--------+--------+--------+--------+-----+--------+
         Total |   8095 |   7913 |    182 |    777 |   6054 |   8 | 1011.9 |
       Dungeon |   8016 |   7845 |    171 |    777 |   5999 |   7 | 1145.1 |
        Temple |     78 |     67 |     11 |      0 |     55 |   1 |   78.0 |
               +--------+--------+--------+--------+--------+-----+--------+

Top non-repeatable levels by time:
     D:4: 1658 daAuts
     D:2: 1451 daAuts
     D:1: 1445 daAuts
     D:5: 1232 daAuts
     D:3: 1073 daAuts
     D:6: 620 daAuts
     D:9: 535 daAuts
  Temple: 78 daAuts
